omghax, neutral male scurrid Tourist }}}}}}}}}}}}}}}}}}}}}}}}}}}}}}}}}}}}}}}}}}}}}}}}}}}}} }}}}}}}}}}}}}}}}}}}}}}}}}}}}}}}}}}}}}}}}}}}}}}}}} }}}}}}}}}.}}}}}}....?}}}}}}}}}}}}}}}}}}}}}}}} }}};}}}.`..}}}}}...'}}}}}}}}}}}}}}}}}}}}} }...}}}}}}}}}}}....}}}..}}}}}}}}}}}}} }...}}}}}}}}}}....}}}}..}}}}}}}}} }..(`}}}}}}}}}}}}}}}}}}}}}}}}}- }.HH}}}}}}}}}}}}}}}}}}}}}}}}}.| }.H..}}}}}....}}}}}}}}}}}}}...----- }...).}}}}}.}}}}}}}}}}}}}}}a......| }.H..}}}}}}}}}}}}}}}}}}}}}}..n....| }..H.}}}}}}}}}}}}}}}}}}}}}}...- }...@.}}}}}}}}}}}}}}}}}}}}}}}.| }......}}}}}}}}}}}}}}}}}}}}}}`- }....<..}}}}}}}...}}}}}}}}}}}}}}`}}.... }...../}}}}}}}}}.....}}}}}}}}}}}}}}}}}}}}}}}}}}}}}}.....} }}..}}}}}}}}}}}}}....}}}}}}}}}}}}}}}}}}}}}}}}}}}}}}}..}}}}}}}}}}}}}}}}}}}} }}}}}}}}}}}}}}}}}....}}}}}}}}}}}}}}}}}}}}}}s..}}.`}}}}}}}}}}}}}}}}}}}}}}}}} }}}}}}}}}}}}}}}}}}}}}}}}}}}}}}}}}}}}}}}}}}}}}}}}}}}}}}}}}}}}}}}}}}}}}}}}}}} }}}}}}}}}}}}}}}}}}}}}}}}}}}}}}}}}}}}}}}}}}}}}}}}}}}}}}}}}}}}}}}}}}}}}}}}}}} omghax the Rambler Experience level: 1 Strength: 12 Dexterity: 13 Constitution: 13 Intelligence: 15 Wisdom: 8 Charisma: 14 Health: 0(9) Energy: 2(2) Def: 0 Gold: 574 Moves: 60 Dungeon seed: auNuBfUa3jcN9LRd Game ID: omghax_1498612360 Your Inventory: Coins $ - 574 gold pieces Weapons a - 46 blessed +2 darts (in quiver) Armor e - a blessed +0 Hawaiian shirt (being worn) Comestibles b - an uncursed sprig of wolfsbane c - 3 uncursed food rations d - 4 uncursed eggs f - an uncursed cream pie g - an uncursed tripe ration Scrolls i - 4 uncursed scrolls of magic mapping Potions h - 2 uncursed potions of extra healing Wands l - an uncursed wand of secret door detection (0:13) Tools j - an uncursed expensive camera (0:95) k - an uncursed credit card m - an uncursed leash Spells and supernatural/magical abilities: Name Level Category Fail Memory W - pray for help -- divine ? -- Your skills at the end: Miscellaneous Skills wands [Basic] Weapon Skills dart [Basic] Spellcasting Skills Final Attributes: You were devoutly aligned. You had infravision. You were very stealthy. You are dead. Vanquished creatures: a bat Voluntary challenges: You went without food. You did not adorn yourself with jewelry or accessories. You did not cause conflict. You were not invisible. You did not have reflection. You were not displaced. You were an atheist. You never hit with a wielded weapon. You were a pacifist. You did not use tools. You did not use plumbed fixtures. You did not drink any magical draughts. You were illiterate. You never genocided any monsters. You never polymorphed an object. You never changed form. You used no wishes. You never split a pudding. You never wrote Elbereth's name. You never violated your personal moral code. Dungeon overview: The Dungeons of Doom: levels 1 to 25 Level 1 a long staircase Level 2 Level 3 an altar to The Lady Level 4 Level 5 Level 6 Level 7 Level 8 Level 9 Level 10 Level 11 a fountain Level 12 Level 13 Level 14 Level 15 Level 16 Level 17 Level 18 Level 19 Level 20 Level 21 Level 22 Level 23 Level 24 Level 25 <- You were here History has recorded: On T:1 you entered the Dungeons of Doom to retrieve the Amulet of Yendor! On T:4 you reached level 2 of The Dungeons of Doom. On T:7 you reached level 3 of The Dungeons of Doom. On T:9 you reached level 4 of The Dungeons of Doom. On T:11 you reached level 5 of The Dungeons of Doom. On T:13 you reached level 6 of The Dungeons of Doom. On T:16 you reached level 7 of The Dungeons of Doom. On T:18 you reached level 8 of The Dungeons of Doom. On T:20 you reached level 9 of The Dungeons of Doom. On T:22 you reached level 10 of The Dungeons of Doom. On T:26 you reached level 11 of The Dungeons of Doom. On T:28 you reached level 12 of The Dungeons of Doom. On T:31 you reached level 13 of The Dungeons of Doom. On T:33 you reached level 14 of The Dungeons of Doom. On T:35 you reached level 15 of The Dungeons of Doom. On T:37 you reached level 16 of The Dungeons of Doom. On T:37 you entered the Rogue tribute level. On T:40 you reached level 17 of The Dungeons of Doom. On T:42 you reached level 18 of The Dungeons of Doom. On T:44 you reached level 19 of The Dungeons of Doom. On T:48 you reached level 20 of The Dungeons of Doom. On T:50 you reached level 21 of The Dungeons of Doom. On T:52 you reached level 22 of The Dungeons of Doom. On T:55 you reached level 23 of The Dungeons of Doom. On T:57 you reached level 24 of The Dungeons of Doom. On T:59 you reached level 25 of The Dungeons of Doom. Score breakdown: Gold: 39 ( 3 points) Experience: 1 level ( 0 points) Exploration: 25 levels ( 720 points) Discoveries: 2 items ( 100 points) Variety of kills: 1 monster ( 50 points) Major goal: (nothing yet) ( 0 points) Survival: died (score multiplied by 3) Total score: 2619 Latest messages: You continue digging downward. You dig a pit in the floor. You continue digging downward. You dig a hole through the floor. You fall through... You start digging downward. You continue digging downward. You dig a pit in the floor. You continue digging downward. You dig a hole through the floor. You fall through... You start digging downward. You continue digging downward. You dig a pit in the floor. You continue digging downward. You dig a hole through the floor. You fall through... The storm giant drinks a smoky potion! The storm giant seems more experienced. You start digging downward. The storm giant punches you! You die... Final status: Aloha omghax the Tourist, killed by a storm giant... You died in The Dungeons of Doom on dungeon level 25 with 2619 points, and 574 pieces of gold, after 60 moves. You were level 1 with a maximum of 9 hit points when you died.